 Dungeon Crawl Stone Soup version 0.28.0-43-g3370ac3207 (console) character file.

Game seed: 13603147965048561672

127 Kniotic the Magician (level 4, -1/33 HPs)
             Began as a Demigod Conjurer on Feb 23, 2022.
             Succumbed to a scorpion's poison
             ... on level 3 of the Dungeon on Mar 2, 2022.
             The game lasted 00:06:44 (2369 turns).

Kniotic the Magician (Demigod Conjurer)             Turns: 2369, Time: 00:06:44

Health: -1/33      AC:  2    Str:  8    XL:     4   Next: 56%
Magic:  2/13       EV: 12    Int: 24    God:
Gold:   75         SH:  0    Dex: 12    Spells: 10/11 levels left

rFire   + . .      SeeInvis .   (no weapon)
rCold   + . .      Faith    .   (no shield)
rNeg    . . .      Spirit   .   a - +0 robe
rPois   +          Reflect  .   (no helmet)
rElec   +          Harm     .   (no cloak)
rCorr   +          Rampage  .   (no gloves)
Will    .....                   (no boots)
Stlth   ++........              c - amulet of the acrobat
HPRegen 0.11/turn               (no ring)
MPRegen 0.13/turn               (no ring)

@: lethally poisoned (-1 -> -16), resistant
A: high MP 1, forlorn, divine attributes
a: no special abilities


You were on level 3 of the Dungeon.
You visited 1 branch of the dungeon, and saw 3 of its levels.

You collected 75 gold pieces.

Inventory:

Armour
 a - a +0 robe (worn)
Jewellery
 c - an amulet of the acrobat (around neck)
Scrolls
 b - a scroll of immolation {unknown}
 d - a scroll of blinking {unknown}
 e - a scroll of identify {unknown}
 g - a scroll of amnesia {unknown}
Potions
 h - a potion of mutation {unknown}
 i - a potion of heal wounds {unknown}


   Skills:
 - Level 1.7 Dodging
 - Level 1.7 Stealth
 + Level 4.3 Spellcasting
 - Level 3.6 Conjurations


You had 10 spell levels left.
You knew the following spells:

 Your Spells              Type           Power      Damage    Failure   Level
a - Magic Dart            Conj           88%        1d7       2%          1

Your spell library contained the following spells:

 Spells                   Type           Power      Damage    Failure   Level
 Searing Ray              Conj           44%        2d6       3%          2
 Shock                    Conj/Air       52%        1d6       4%          1
 Dazzling Flash           Conj/Hex       26%        N/A       14%         3
 Confusing Touch          Hex            5%         N/A       28%         3
 Swiftness                Air            5%         N/A       28%         3
 Fulminant Prism          Conj/Hex       6%         3d7       41%         4
 Iskenderun's Mystic Bla  Conj/Tloc      13%        2d5       41%         4
 Airstrike                Air            2%         N/A       67%         4
 Yara's Violent Unravell  Hex/Tmut       2%         3d3       95%         5
 Enfeeble                 Hex            2%         N/A       100%        7


Dungeon Overview and Level Annotations

Branches:
Dungeon (3/15)


Innate Abilities, Weirdness & Mutations

You have an increased reservoir of magic. (+10% MP)
You shall have no god before yourself.
Your divine heritage dramatically boosts your attributes as you level up.


Message History

The scorpion stings you.
The scorpion stings you but does no damage.
Casting: Magic Dart (safe; 2% risk of failure)
Confirm with . or Enter, or press ? or * to list all spells.
Aiming: Magic Dart (safe; 2% risk of failure)
Press: ? - help, Shift-Dir - straight line, f/p - scorpion
Aim: a scorpion (moderately wounded, 100% to hit)
The magic dart hits the scorpion but does no damage.
The scorpion is moderately wounded.
You feel sick. The scorpion barely misses you.
Casting: Magic Dart (safe; 2% risk of failure)
Confirm with . or Enter, or press ? or * to list all spells.
Aiming: Magic Dart (safe; 2% risk of failure)
Press: ? - help, Shift-Dir - straight line, f/p - scorpion
Aim: a scorpion (moderately wounded, 100% to hit)
The magic dart hits the scorpion but does no damage.
The scorpion is moderately wounded.
You feel sick. The scorpion completely misses you.
Casting: Magic Dart (safe; 2% risk of failure)
Confirm with . or Enter, or press ? or * to list all spells.
Aiming: Magic Dart (safe; 2% risk of failure)
Press: ? - help, Shift-Dir - straight line, f/p - scorpion
Aim: a scorpion (moderately wounded, 100% to hit)
The magic dart hits the scorpion but does no damage.
The scorpion is moderately wounded.
You feel sick. The scorpion barely misses you.
Casting: Magic Dart (safe; 2% risk of failure)
Confirm with . or Enter, or press ? or * to list all spells.
Aiming: Magic Dart (safe; 2% risk of failure)
Press: ? - help, Shift-Dir - straight line, f/p - scorpion
Aim: a scorpion (moderately wounded, 100% to hit)
The magic dart hits the scorpion.
The scorpion is heavily wounded.
You feel sick. The scorpion stings you!
* * * LOW HITPOINT WARNING * * *
You are more poisoned.
The scorpion poisons you!
It was a potion of resistance.
You feel protected.
You die...

.##. #..... .... ####.#
#.############.# .
#.....).....##.# . .
#........##.##.# #.#.
#..###.#.##.##.#
....#####......#.......#
#........##.....#.####
##..#.##.###......#
....#s.##.......####
###. ##@########## #
#.## #.# #. #


You could see a scorpion.

Vanquished Creatures
  A gnoll (D:1)
  6 adders
  A worm (D:2)
  A dart slug (D:2)
  An orc (D:3)
  5 bats
  5 endoplasms
  A giant cockroach (D:2)
  8 goblins
  4 hobgoblins
  5 jackals
  4 quokkas
  A ball python (D:1)
  2 frilled lizards (D:1)
  4 kobolds
  7 rats
56 creatures vanquished.

Notes
Turn   | Place    | Note
-------+----------+-------------------------------------------
     0 | D:1      | Kniotic the Demigod Conjurer began the quest for the Orb.
     0 | D:1      | Reached XP level 1. HP: 14/14 MP: 5/5
   171 | D:1      | Reached skill level 2 in Spellcasting
   399 | D:1      | Upgraded the game from 0.28.0-1-gb440e238dd to
                  | 0.28.0-43-g3370ac3207
   406 | D:1      | Reached XP level 2. HP: 20/20 MP: 1/8
   933 | D:1      | Reached skill level 3 in Spellcasting
  1114 | D:1      | Reached XP level 3. HP: 26/26 MP: 5/10
  1609 | D:2      | Reached XP level 4. HP: 33/33 MP: 2/12
  1913 | D:2      | Reached skill level 4 in Spellcasting
  2369 | D:3      | Succumbed to a scorpion's poison

Illustrated notes

Levels and vault maps discovered:
D:1:      dpeg_cavernosity, layout_basic, basic_ecumenical_altar,
          minmay_heptomino_o4
D:2:      layout_rooms
D:3:      layout_loops_cross, mainiacjoe_overflow_tiny_flanked, uniq_robin,
          uniq_pargi

Skill      XL: |  1  2  3  4 |
---------------+-------------+-----
Spellcasting   | 2 3 4 |  4.3
Dodging        | |  1.7
Stealth        | |  1.7
Conjurations   | |  3.6

Action                   |  1- 3 |  4- 6 || total
-------------------------+-------+-------++-------
 Cast: Magic Dart        |    92 |    52 ||   144
  Use: Potion            |       |     1 ||     1
Armor: Robe              |       |     1 ||     1
Dodge: Dodged            |     9 |    12 ||    21
